 Dungeon Crawl Stone Soup version 0.28-a0-8-g6e044cfa68 (webtiles) character file.

Game seed: 9925143987551750404

25 pokeman the Magician (level 2, -1/16 HPs)
             Began as a Deep Elf Hedge Wizard on July 23, 2021.
             Slain by a black bear (2 damage)
             ... on level 2 of the Dungeon.
             The game lasted 00:02:51 (1833 turns).

pokeman the Magician (Deep Elf Hedge Wizard)        Turns: 1833, Time: 00:02:52

Health: -1/16      AC:  2    Str:  7    XL:     2   Next: 86%
Magic:  10/10      EV: 12    Int: 18    God:
Gold:   83         SH:  0    Dex: 14    Spells: 10/11 levels left

rFire   . . .      SeeInvis .   m - +0 long sword
rCold   . . .      Faith    .   (no shield)
rNeg    . . .      Spirit   .   b - +0 robe
rPois   .          Reflect  .   c - +0 hat
rElec   .          Harm     .   (no cloak)
rCorr   .          Rampage  .   (no gloves)
Will    .....                   (no boots)
Stlth   ++........              (no amulet)
HPRegen 0.05/turn               (no ring)
MPRegen 0.12/turn               (no ring)

@: no status effects
A: no striking features
a: no special abilities


You were on level 2 of the Dungeon.
You visited 1 branch of the dungeon, and saw 2 of its levels.

You collected 83 gold pieces.

Inventory:

Hand Weapons
 m - a +0 long sword (weapon)
Armour
 b - a +0 robe (worn)
 c - a +0 hat (worn)
Scrolls
 d - 3 scrolls of teleportation {unknown}
 f - a scroll of silence {unknown}
 h - a scroll of fear {unknown}
 k - a scroll of enchant armour {unknown}
Potions
 a - a potion of cancellation {unknown}
 e - a potion of degeneration {unknown}
 g - 2 potions of brilliance {unknown}
 i - a potion of flight {unknown}
 l - a potion of lignification {unknown}


   Skills:
 + Level 0.7 Fighting
 + Level 0.6 Armour
 - Level 2.4 Dodging
 - Level 2.4 Stealth
 * Level 5.0 Spellcasting
 + Level 1.6 Conjurations
 - Level 1.1 Summonings
 - Level 1.1 Translocations


You had 10 spell levels left.
You knew the following spells:

 Your Spells              Type           Power      Damage    Failure   Level
a - Magic Dart            Conj           40%        1d5       7%          1

Your spell library contained the following spells:

 Spells                   Type           Power      Damage    Failure   Level
 Blink                    Tloc           N/A        N/A       13%         2
 Call Imp                 Summ           8%         N/A       13%         2
 Slow                     Hex            4%         N/A       21%         2
 Conjure Flame            Conj/Fire      7%         6-21      28%         3
 Mephitic Cloud           Conj/Pois/Air  6%         N/A       32%         3


Dungeon Overview and Level Annotations

Branches:
Dungeon (2/15)

Altars:


Message History

You can't see any susceptible monsters within range! (Use Z to cast anyway.) Unknown command.
Your magical contamination has completely faded away.
d - 3 scrolls labelled NANIPO DAOL (gained 1)
Found 28 sling bullets.
You now have 73 gold pieces (gained 16).
A bat comes into view.
A bat is nearby!
Casting: Magic Dart (safe; 7% risk of failure)
Confirm with . or Enter, or press ? or * to list all spells.
Aiming: Magic Dart (safe; 7% risk of failure)
Press: ? - help, Shift-Dir - straight line, f - bat
Aim: a bat (asleep, 100% to hit)
The magic dart hits the bat.
You kill the bat!
Casting: Magic Dart (safe; 7% risk of failure)
Confirm with . or Enter, or press ? or * to list all spells.
You can't see any susceptible monsters within range! (Use Z to cast anyway.) Unknown command.
Casting: Magic Dart (safe; 7% risk of failure)
Confirm with . or Enter, or press ? or * to list all spells.
You can't see any susceptible monsters within range! (Use Z to cast anyway.) Unknown command.
You now have 78 gold pieces (gained 5).
You now have 83 gold pieces (gained 5).
A black bear comes into view.
The black bear growls angrily.
The black bear moves out of view.
The black bear bites you but does no damage.
The black bear claws you. x2
There is an open door, spattered with blood here.
The black bear bites you. The black bear claws you. x2
Casting: Magic Dart (safe; 7% risk of failure)
Confirm with . or Enter, or press ? or * to list all spells.
You don't know that spell.
The black bear bites you!
Ouch! That really hurt!
* * * LOW HITPOINT WARNING * * *
The black bear closely misses you. The black bear claws you.
You die...

#.#...####.....(#
#.#...##........#
#.....+....(....#
###...#....######
...# ###......# #####
...# #...##.# #...#
....# #...##.####...#
....#
#...##..h.#...#.....#
#...#####@#...#.....#
#####................
#>......<)....#
#.............#
#....>....>...#
#.............#
#<.......######
#).......# ########.#


You could see a black bear.

Vanquished Creatures
  3 bats (D:2)
  3 endoplasms
  A giant cockroach (D:1)
  2 goblins
  4 hobgoblins (D:1)
  A quokka (D:1)
  3 ball pythons
  2 frilled lizards
  3 kobolds
  2 rats (D:1)
24 creatures vanquished.

Notes
Turn   | Place    | Note
-------+----------+-------------------------------------------
     0 | D:1      | pokeman the Deep Elf Hedge Wizard began the quest for the
                  | Orb.
     0 | D:1      | Reached XP level 1. HP: 10/10 MP: 7/7
   400 | D:1      | Found a faded altar of an unknown god.
   688 | D:1      | Reached XP level 2. HP: 16/16 MP: 4/9
  1659 | D:2      | Reached skill level 5 in Spellcasting
  1799 | D:2      | Noticed a black bear
  1833 | D:2      | Slain by a black bear

Illustrated notes

Levels and vault maps discovered:
D:1:      amcnicky_arrival_wind_blow, layout_basic,
          shapermc_ecumenical_altar_venn
D:2:      layout_basic

Skill      XL: |  1  2 |
---------------+-------+-----
Spellcasting   | 5 |  5.0
Fighting       | |  0.7
Armour         | |  0.6
Dodging        | |  2.4
Stealth        | |  2.4
Conjurations   | |  1.6
Summonings     | |  1.1
Translocations | |  1.1

Action                   || total
-------------------------++-------
Melee: Dagger            ||     5
       Short sword       ||     5
 Cast: Magic Dart        ||    61
 Stab: Sleeping          ||     1
Armor: Robe              ||     7
Dodge: Dodged            ||    18

Table legend: (Time is in decaauts)
 A = Elapsed time spent in this place.
 B = Non-inter-level travel time spent in this place.
 C = Inter-level travel time spent in this place.
 D = Time resting spent in this place.
 E = Time spent auto-exploring this place.
 F = Levels seen in this place.
 G = Mean time per level.
                   A        B        C        D        E       F      G
               +--------+--------+--------+--------+--------+-----+--------+
         Total |   1832 |   1783 |     49 |      0 |   1622 |   2 |  916.0 |
       Dungeon |   1832 |   1783 |     49 |      0 |   1622 |   2 |  916.0 |
               +--------+--------+--------+--------+--------+-----+--------+

Top non-repeatable levels by time:
     D:1: 1516 daAuts
     D:2: 315 daAuts
